AoeStats
← ^4Yeeegz

Arabia

507905907Analyzed
1v1 RM · 10d ago on Sep 20, 2026· 82m 20s· 2 players
Game mode
Random Map
Map size
Tiny (2 player)
Population
200
Speed
Normal
Resources
Standard
Victory
Conquest
Starting age
Dark Age
Ending age
Imperial Age
RankedLock teamsTeams togetherTeam positionsShared explorationLock speedFull tech treeHidden civsTurbo modeCheats
Victory
Defeat
🇺🇸 Maya · United States
1275
+15
🇹🇼 Persians · Taiwan
1262
-15
韓語冰
4:12 Loom
17:11 Feudal Age
21:57 Fletching
29:27 Castle Age
30:34 Wheelbarrow
31:22 Double-Bit Axe
37:54 Bodkin Arrow
39:52 Scale Barding Armor
44:30 Imperial Age
43:32 Chain Barding Armor
46:02 Padded Archer Armor
45:55 Cavalier
48:30 Conscription
48:44 Husbandry
50:55 Plate Barding Armor
52:18 Chemistry
52:33 Bloodlines
52:15 Horse Collar
52:37 Crossbowman
53:43 Town Watch
54:14 Hand Cart
56:48 Ballistics
58:01 Murder Holes
61:13 Savar
63:44 Kamandaran
63:12 Light Cavalry
64:02 Heavy Plow
65:22 Thumb Ring
67:01 Elite Skirmisher
68:33 Parthian Tactics
68:43 Forging
73:34 Citadels
76:24 Leather Archer Armor
78:53 Hussar
^4Yeeegz
0:31 Loom
9:12 Feudal Age
9:48 Double-Bit Axe
15:28 Town Watch
19:01 Fletching
25:18 Wheelbarrow
27:58 Castle Age
26:14 Horse Collar
27:27 Scale Mail Armor
27:33 Stone Mining
29:11 Bow Saw
29:16 Eagle Warrior
30:50 Chain Mail Armor
31:02 Squires
33:06 Bodkin Arrow
39:31 Hand Cart
39:47 Town Watch
41:36 Gold Mining
45:01 Imperial Age
42:35 Arson
43:07 Heavy Plow
46:01 Guilds
47:23 Two-Man Saw
48:25 Conscription
49:46 Pikeman
51:02 Plate Mail Armor
51:19 Forging
52:52 Halberdier
58:11 Bracer
57:54 Elite Skirmisher
58:37 Padded Archer Armor
59:12 Iron Casting
60:25 Thumb Ring
61:37 Elite Eagle Warrior
63:19 Blast Furnace
62:35 Leather Archer Armor
62:46 Town Patrol
63:30 Ballistics
64:04 Stone Shaft Mining
64:20 Guard Tower
65:31 Chemistry
65:30 Crop Rotation
65:11 Masonry
64:57 Murder Holes
65:07 Treadmill Crane
66:00 Ring Archer Armor
72:35 Treadmill Crane
73:05 Masonry
72:59 Murder Holes
75:49 Hul'che Javelineers
76:20 Holcans
76:24 Architecture
Connection lost

Rejoining the realm…

Still unreachable

The connection could not be restored.

Session expired

The server has moved on; the page needs a fresh start.